 Dungeon Crawl Stone Soup version 0.25.0-46-gbd7b0854d2 (webtiles) character file.

Game seed: 2749964998043927134

8380 protoss039 the Eclecticist (level 11, -2/58 HPs)
             Began as a Deep Elf Wizard on July 14, 2020.
             Was a Follower of Vehumet.
             Slain by a yak (6 damage)
             ... on level 10 of the Dungeon.
             The game lasted 00:57:57 (16708 turns).

protoss039 the Eclecticist (Deep Elf Wizard)       Turns: 16708, Time: 00:57:57

Health: -2/58      AC:  5    Str:  4    XL:     11   Next: 9%
Magic:  24/51      EV: 12    Int: 27    God:    Vehumet [*.....]
Gold:   654        SH:  5    Dex: 13    Spells: 36/42 levels left

rFire    . . .     SeeInvis .   t - +3 dagger (freeze)
rCold    . . .     Gourm    .   (no shield)
rNeg     . . .     Faith    .   s - +1 leather armour (curse)
rPois    .         Spirit   .   o - +0 helmet
rElec    .         Reflect  +   (no cloak)
rCorr    .         Harm     .   (no gloves)
MR       +....                  (no boots)
Stlth    ++........             E - amulet of reflection
HPRegen  0.19/turn              l - ring of magical power
MPRegen  0.32/turn              a - ring of magical power

@: no status effects
A: no striking features
a: Renounce Religion


You were on level 10 of the Dungeon.
You worshipped Vehumet.
Vehumet was aware of your devotion.
You were not hungry.

You visited 2 branches of the dungeon, and saw 11 of its levels.

You collected 654 gold pieces.

Inventory:

Hand Weapons
 k - a +5 short sword of protection
 t - a +3 dagger of freezing (weapon)
Armour
 o - a +0 helmet (worn)
 s - a cursed +1 leather armour (worn)
Jewellery
 a - a ring of magical power (right hand)
 l - a ring of magical power (left hand)
 y - an uncursed ring of resist corrosion
 E - an amulet of reflection (around neck)
Wands
 w - a wand of flame (34)
 B - a wand of polymorph (9)
Scrolls
 f - 2 scrolls of immolation {unknown}
 g - a scroll of enchant armour
 j - 3 scrolls of magic mapping
 m - 5 scrolls of fear
 n - 3 scrolls of amnesia
 p - a scroll of fog
 r - 2 scrolls of remove curse
 u - 2 scrolls of teleportation
 v - 2 scrolls of blinking
 C - 2 scrolls of enchant weapon {unknown}
Potions
 b - a potion of flight
 e - a potion of heal wounds {unknown}
 h - 2 potions of might
 i - 5 potions of lignification
 z - 2 potions of brilliance {unknown}
 D - a potion of stabbing {unknown}
Comestibles
 d - 15 rations


   Skills:
 * Level 2.5 Fighting
   Level 0.3 Axes
 - Level 4.0 Armour
 - Level 3.0 Dodging
 - Level 3.0 Stealth
 + Level 16.4 Spellcasting
 + Level 7.5 Conjurations
 + Level 3.9 Hexes
   Level 1.1 Summonings
   Level 1.1 Translocations
 + Level 3.3 Air Magic
 + Level 3.5 Poison Magic


You had 36 spell levels left.
You knew the following spells:

 Your Spells              Type           Power        Failure   Level  Hunger
a - Magic Dart            Conj           ####         1%          1    None
b - Slow                  Hex            #####...     1%          2    None
c - Mephitic Cloud        Conj/Pois/Air  #####...     1%          3    None

Your spell library contained the following spells:

 Spells                   Type           Power        Failure   Level  Hunger
 Foxfire                  Conj/Fire      ####         1%          1    None
 Conjure Flame            Conj/Fire      #####...     2%          3    None
 Animate Skeleton         Necr           N/A          3%          1    None
 Pain                     Necr           ###.         3%          1    None
 Blink                    Tloc           N/A          3%          2    None
 Call Imp                 Summ           ####....     3%          2    None
 Vampiric Draining        Necr           ###.......   11%         3    None
 Animate Dead             Necr           N/A          36%         4    None
 Agony                    Necr           ###.....     71%         5    None


Dungeon Overview and Level Annotations

Branches:
Dungeon (10/15)            Temple (1/1) D:6             Orc (0/2) D:10
   Lair: D:8-11

Altars:
Ashenzari
Cheibriados
Dithmenos
Elyvilon
Fedhas
Gozag
Hepliaklqana
Kikubaaqudgha
Makhleb
Nemelex Xobeh
Okawaru
Qazlal
Ru
Sif Muna
Trog
Uskayaw
Vehumet
Wu Jian
Xom
Yredelemnul
Zin
The Shining One

Shops:
D:5 :   D:7 *

Annotations:
D:4 3 runed translucent doors, MisterFreud's ghost, amateur DsAK
D:5 Maggie


Message History

Unknown command.
Casting: Magic Dart (safe; 1% risk of failure)
Confirm with . or Enter, or press ? or * to list all spells.
Aiming: Slow (safe; 1% risk of failure)
Press: ? - help, Shift-Dir - straight line, f - death yak
Aim: a death yak (lightly wounded, chance to defeat MR: 15%)
Okay, then.
Something misses the porcupine.
The gnoll throws a throwing net.
The throwing net closely misses you.
You see here a throwing net.
Unknown command.
Your surroundings suddenly seem different.
The yak bellows! x4
The yak gores you!
* * * LOW HITPOINT WARNING * * *
A centaur skeleton comes into view.
The yak gores you!
* * * LOW HITPOINT WARNING * * *
The yak gores you.
You die...

#....# ##o### ###..#
#...# .....# ###.##
##...# #....# ....#
#...# #..... .....##
...## #..##
#..########## o).#
#.o# ..## ...#
#..### ##..# #..##
##...#####....###
#...#
#.......Y......#
##..##
#......Y@Y).....
####.#
#.......YZY...## .
#.###..####.......##
o #.....##
###......# o #...o##
#..###..# g ##g..#
#..# .. K ###..##
##..# .
'###...C.######..##
.oC..##YCoYY.Y.Y.#


You could see 5 yaks and a centaur skeleton (wandering).

Vanquished Creatures
  2 two-headed ogres (D:9)
  An unseen horror (D:8)
  A cyclops (D:10)
  2 trolls
  A merfolk (D:9)
  A hippogriff (D:8)
  A yak (D:10)
  2 wyverns
  Eustachio (D:6)
  2 hungry ghosts (D:8)
  A soldier ant (D:9)
  Duvessa (D:6)
  A porcupine (D:10)
  An orc warrior (D:7)
  3 sky beasts
  A black bear (D:8)
  7 ice beasts
  3 phantoms
  A necrophage (D:9)
  2 centaurs
  9 ogres
  3 bullfrogs
  5 big kobolds
  2 scorpions
  Dowan (D:6)
  3 killer bees
  4 wights
  3 howler monkeys
  2 centaur zombies (D:8)
  5 crimson imps
  A bullfrog zombie (D:8)
  3 orc priests
  3 bullfrog skeletons
  A centaur skeleton (D:8)
  A hound (D:4)
  6 jellies
  An iguana (D:4)
  3 orc wizards
  4 worker ants
  A worker ant zombie (D:5)
  9 gnolls
  15 adders
  A shadow imp (D:8)
  2 oozes
  2 adder skeletons (D:8)
  2 dart slugs
  5 leopard geckos
  22 orcs
  A ball python (D:1)
  8 bats
  4 giant cockroaches
  13 goblins
  4 hobgoblins
  10 jackals
  5 quokkas
  12 frilled lizards
  A jackal zombie (D:3)
  10 kobolds
  A quokka skeleton (D:6)
  10 rats
233 creatures vanquished.

Vanquished Creatures (others)
  A gnoll sergeant (D:8)
  A kobold (D:10)
2 creatures vanquished.

Grand Total: 235 creatures vanquished

Notes
Turn   | Place    | Note
-------+----------+-------------------------------------------
     0 | D:1      | protoss039 the Deep Elf Wizard began the quest for the Orb.
     0 | D:1      | Reached XP level 1. HP: 10/10 MP: 7/7
   234 | D:1      | Reached skill level 5 in Spellcasting
   234 | D:1      | Reached XP level 2. HP: 15/15 MP: 1/10
  1022 | D:1      | Reached XP level 3. HP: 19/19 MP: 10/12
  1324 | D:1      | Learned a level 2 spell: Slow
  1328 | D:1      | Learned a level 3 spell: Mephitic Cloud
  2130 | D:2      | Reached skill level 1 in Air Magic
  2192 | D:2      | Reached skill level 1 in Poison Magic
  2192 | D:2      | Reached XP level 4. HP: 24/24 MP: 6/13
  2278 | D:2      | Found a shimmering blue altar of Sif Muna.
  2837 | D:2      | Found an ornate altar of the Wu Jian Council.
  2969 | D:3      | Reached skill level 6 in Spellcasting
  3217 | D:3      | Reached skill level 1 in Hexes
  3267 | D:3      | Reached XP level 5. HP: 28/28 MP: 11/15
  3464 | D:3      | Found a blossoming altar of Fedhas.
  4484 | D:4      | Found a runed translucent gate.
  4486 | D:4      | Found a runed translucent gate.
  4507 | D:4      | Found a runed translucent gate.
  4510 | D:4      | Noticed MisterFreud's ghost (amateur DsAK)
  4527 | D:4      | Noticed an ogre
  4542 | D:4      | Killed an ogre
  4542 | D:4      | Reached XP level 6. HP: 33/33 MP: 17/17
  4971 | D:4      | Found a hide-covered altar of Uskayaw.
  5068 | D:4      | Reached skill level 1 in Armour
  5230 | D:4      | Found an iron altar of Okawaru.
  5402 | D:4      | Reached skill level 1 in Fighting
  5683 | D:4      | Reached skill level 7 in Spellcasting
  5683 | D:4      | Reached XP level 7. HP: 22/38 MP: 4/19
  6818 | D:4      | Found a hazy altar of Hepliaklqana.
  7133 | D:5      | Entered Level 5 of the Dungeon
  7158 | D:5      | HP: 1/38 [ogre/+0 giant club (26)]
  7310 | D:5      | Found Runen's Book Shoppe.
  7319 | D:5      | Reached skill level 8 in Spellcasting
  7644 | D:5      | Reached XP level 8. HP: 44/44 MP: 22/22
  7812 | D:5      | Reached skill level 9 in Spellcasting
  8042 | D:5      | Reached skill level 5 in Conjurations
  8197 | D:5      | Found a glowing golden altar of the Shining One.
  8274 | D:6      | Noticed Maggie
  8694 | D:6      | Noticed Eustachio
  8712 | D:6      | Killed Eustachio
  8899 | D:6      | Noticed Dowan
  8900 | D:6      | Noticed Duvessa
  8922 | D:6      | Killed Dowan
  8981 | D:5      | Reached skill level 10 in Spellcasting
  9116 | D:6      | Killed Duvessa
  9601 | D:6      | Found a staircase to the Ecumenical Temple.
  9628 | D:6      | Found a stormy altar of Qazlal.
  9695 | Temple   | Entered the Ecumenical Temple
 10286 | D:7      | Reached skill level 11 in Spellcasting
 10286 | D:7      | Reached XP level 9. HP: 48/48 MP: 9/26
 11003 | D:7      | Found a sacrificial altar of Ru.
 11027 | D:7      | Reached skill level 12 in Spellcasting
 11180 | D:7      | Found Meowur's General Store.
 11735 | D:8      | Noticed a troll
 11804 | D:8      | Killed a troll
 11804 | D:8      | Reached skill level 13 in Spellcasting
 12481 | D:8      | Reached skill level 14 in Spellcasting
 12718 | D:8      | Killed an unseen horror
 12718 | D:8      | Reached XP level 10. HP: 11/53 MP: 30/30
 12936 | D:8      | Reached skill level 15 in Spellcasting
 13587 | D:9      | Noticed a two-headed ogre
 13654 | D:9      | Killed a two-headed ogre
 13833 | D:9      | Noticed a two-headed ogre
 14434 | D:9      | Found an opulent altar of Gozag.
 14702 | D:9      | Killed a two-headed ogre
 14702 | D:9      | Reached skill level 16 in Spellcasting
 14817 | D:9      | Found a radiant altar of Vehumet.
 14817 | D:9      | Found a burning altar of Makhleb.
 14831 | D:9      | Became a worshipper of Vehumet
 14927 | D:10     | Entered Level 10 of the Dungeon
 15053 | D:10     | Noticed a cyclops
 15054 | D:10     | Found a staircase to the Orcish Mines.
 16373 | D:10     | Reached XP level 11. HP: 58/58 MP: 33/33
 16698 | D:10     | Noticed a death yak
 16706 | D:10     | Reached * piety under Vehumet
 16706 | D:10     | Offered knowledge of Foxfire by Vehumet.
 16706 | D:10     | Noticed a death yak
 16708 | D:10     | Slain by a yak

Illustrated notes

Levels and vault maps discovered:
D:1:      heliophobic_arrival_ceremonial_halls, layout_basic, hex_intersection,
          kennysheep_crisscross, minmay_lizard_pond
D:2:      layout_rooms, lemuel_coloured_pillars_altar,
          nicolae_overflow_crystal_walls
D:3:      layout_basic, fedhas_altar_2, first_ration
D:4:      layout_loops_ring, kennysheep_little_box,
          nicolae_overflow_hidden_temple, marbit_many_paths,
          gammafunk_ghost_necromancy, kennysheep_generic_room_4
D:5:      cheibrodos_quashed, layout_rooms, serial_shops,
          nicolae_shop_behind_doors, nicolae_tso_swordbearing_angel
D:6:      layout_loops_corners, lemuel_crystal_altar,
          minmay_temple_entry_junction, uniq_eustachio, uniq_duvessa,
          uniq_maggie
D:7:      layout_loops_ring, lemuel_doored_altar, serial_shops,
          nicolae_shop_trees, small_statue_intersection, minmay_between
D:8:      cheibrodos_fzero, layout_loops_ring
D:9:      layout_loops_ring, grunt_temple_overflow_lords_of_destruction,
          kennysheep_mini, hangedman_fish_farm
D:10:     layout_layer_cave, dpeg_lair_monsters,
          kennysheep_orc_monster_closet_entryway, uniq_josephine
Temple:   minmay_temple_curvy_loop

Skill      XL: |  1  2  3  4  5  6  7  8  9 10 |
---------------+-------------------------------+-----
Spellcasting   | 5 6 7 8 11 14 16 | 16.4
Air Magic      | 1 2 3 |  3.3
Poison Magic   | 1 2 3 |  3.5
Conjurations   | 2 3 4 6 7 |  7.5
Stealth        | 3 |  3.0
Hexes          | 1 2 3 |  3.9
Dodging        | 3 |  3.0
Armour         | 1 2 3 4 |  4.0
Fighting       | 1 2 |  2.5
Axes           | |  0.3
Summonings     | |  1.1
Translocations | |  1.1

Action                   |  1- 3 |  4- 6 |  7- 9 | 10-12 || total
-------------------------+-------+-------+-------+-------++-------
Melee: Unarmed           |     2 |       |       |       ||     2
       Hand axe          |    12 |     3 |       |       ||    15
       Dagger            |       |     3 |     8 |    23 ||    34
 Cast: Magic Dart        |   117 |   203 |   558 |   324 ||  1202
       Slow              |     5 |    15 |    57 |    32 ||   109
       Mephitic Cloud    |       |     1 |    69 |    89 ||   159
  Use: Scroll            |       |       |    14 |     2 ||    16
       Potion            |       |       |     6 |     1 ||     7
 Stab: Sleeping          |       |       |     1 |       ||     1
  Eat: Chunk             |     4 |     9 |    15 |     6 ||    34
       Ration            |       |       |     2 |     2 ||     4
Armor: Robe              |     5 |     8 |     5 |       ||    18
       Leather armour    |       |       |    49 |    20 ||    69
       Skin              |       |       |     2 |    17 ||    19
Dodge: Dodged            |    34 |    48 |   102 |    52 ||   236
Block: Other             |       |       |       |    22 ||    22
       Reflection        |       |       |       |     3 ||     3
